 Dungeon Crawl Stone Soup version 0.21-a0-19-g210df22 (webtiles) character file.

704 Chaotic the Shield-Bearer (level 7, -1/38 HPs)
             Began as a Vine Stalker Fighter on May 24, 2017.
             Killed by nerve-wracking pain
             ... invoked by an orc priest
              (8 damage)
             ... on level 4 of the Dungeon.
             The game lasted 00:03:47 (3429 turns).

Chaotic the Shield-Bearer (Vine Stalker Fighter)    Turns: 3429, Time: 00:03:48

Health: -1/38      AC:  9    Str: 20    XL:     7   Next: 66%
Magic:  0/8        EV:  7    Int:  8    God:
Gold:   194        SH: 10    Dex: 14    Spells: 6/6 levels left

rFire    + . .     SeeInvis +   a - +0 rapier
rCold    x . .     Gourm    .   c - +0 shield
rNeg     . . .     Faith    .   b - +0 scale mail
rPois    .         Spirit   +   (no helmet)
rElec    .         Reflect  .   x - +0 cloak
rCorr    .         Harm     .   w - +0 pair of gloves
MR       .....                  (no boots)
Stlth    ..........             (no amulet)
Regen    0.6/turn               m - ring of see invisible
MPRegen  0.2/turn               z - ring of fire

@: no status effects
A: fangs 2, regeneration 1, magic shield, antimagic bite, no potion heal 3, rot
immunity
a: no special abilities


You were on level 4 of the Dungeon.
You were not hungry.

You visited 1 branch of the dungeon, and saw 4 of its levels.

You collected 194 gold pieces.

Inventory:

Hand Weapons
 a - a +0 rapier (weapon)
Armour
 b - a +0 scale mail (worn)
 c - a +0 shield (worn)
 w - a +0 pair of gloves (worn)
 x - a +0 cloak (worn)
Jewellery
 m - a ring of see invisible (left hand)
 o - an uncursed ring of resist corrosion
 z - a ring of fire (right hand)
Wands
 s - a wand of random effects (21/48)
 y - a wand of random effects (28/48)
Scrolls
 h - a scroll of blinking {unknown}
 j - a scroll of amnesia {unknown}
 k - 3 scrolls of magic mapping {unknown}
 l - a scroll of fear {unknown}
 r - a scroll of enchant armour {unknown}
 v - a scroll of random uselessness {unknown}
Potions
 d - a potion of might
 e - 2 potions of lignification
 g - 2 potions of curing
 i - 2 potions of brilliance {unknown}
 q - a potion of berserk rage {unknown}
 t - a potion of flight {unknown}
 u - a potion of invisibility {unknown}
Comestibles
 f - 3 bread rations
 n - a fruit
 p - a meat ration
 A - 5 chunks of flesh


   Skills:
 + Level 4.4 Fighting
 + Level 4.0 Short Blades
 + Level 4.2 Armour
 + Level 4.5 Shields


You had 6 spell levels left.
You didn't know any spells.

Dungeon Overview and Level Annotations

Branches:
Dungeon (4/15)
 Temple: D:4-7

Altars:
Dithmenos
Fedhas
Makhleb


Innate Abilities, Weirdness & Mutations

You have extremely sharp teeth.
Your natural rate of healing is unusually fast.
When hurt, damage is shared between your health and your magic reserves.
Your bite disrupts and absorbs the magic of your enemies.
Potions cannot restore your health.
You are immune to rotting.


Message History

Your Short Blades skill increases to level 4!
The orc priest calls down the wrath of Beogh upon you.
Beogh smites you!
* * * LOW HITPOINT WARNING * * *
The orc priest hits you with a mace.
* * * LOW HITPOINT WARNING * * *
Things that are here:
a trident; a leather armour You hit the orc priest.
Your bite misses the orc priest.
The orc priest is heavily wounded.
The orc priest begins to cast a cantrip, but forgets the words!
You hit the orc priest.
You bite the orc priest, but do no damage.
The orc priest is heavily wounded.
The orc priest miscasts a cantrip.
You hit the orc priest but do no damage.
The orc priest is heavily wounded.
The orc priest mumbles some strange prayers to Beogh against you.
Pain shoots through your body!
You die...

#......# #......# #......#
#......# #......# ## ####.### .#
#.# # .# #.## ##.#####.# #..#
#.oo@)...# #####.#### #..####.##
######## .........####..####.#
#....... ##.##..........#(...#
#.#####.
#<#..##.####.##.#..######.#####.
#.#.###.# ##.#...............
#.......# .......######.#####.
##...#### ##.##### #.......
#...# #.# ######.#


You could see an orc priest and an orc.

Vanquished Creatures
  Grinder (D:4)
  A phantom (D:4)
  An ogre (D:4)
  A crimson imp (D:4)
  A hound (D:4)
  An orc priest (D:4)
  2 worker ants (D:4)
  8 adders
  2 oozes (D:1)
  A worm (D:2)
  4 dart slugs
  A leopard gecko (D:1)
  6 orcs
  9 bats
  5 giant cockroaches
  7 goblins
  8 hobgoblins
  9 jackals
  12 kobolds
  5 frilled lizards
  A jackal skeleton (D:4)
  A jackal zombie (D:3)
  11 rats
98 creatures vanquished.

Notes
Turn   | Place    | Note
-------+----------+-------------------------------------------
     0 | D:1      | Chaotic the Vine Stalker Fighter began the quest for the Orb.
     0 | D:1      | Reached XP level 1. HP: 11/11 MP: 2/2
   259 | D:1      | Reached XP level 2. HP: 16/16 MP: 3/3
   779 | D:1      | Reached XP level 3. HP: 20/20 MP: 4/4
  1206 | D:2      | Gained mutation: Your natural rate of healing is unusually fast. [Vine Stalker growth]
  1206 | D:2      | Reached XP level 4. HP: 20/24 MP: 5/5
  1465 | D:2      | Reached XP level 5. HP: 27/28 MP: 6/6
  2228 | D:3      | Found a blossoming altar of Fedhas.
  2303 | D:3      | Found a shadowy altar of Dithmenos.
  2503 | D:3      | Found a burning altar of Makhleb.
  2892 | D:4      | Noticed a phantom
  2930 | D:4      | Killed a phantom
  2930 | D:4      | Reached XP level 6. HP: 29/33 MP: 5/7
  3328 | D:4      | Noticed Grinder
  3340 | D:4      | Killed Grinder
  3340 | D:4      | Reached XP level 7. HP: 37/37 MP: 8/8
  3429 | D:4      | Killed from afar by an orc priest

Vault maps used:
D:1:      scummos_arrival_simple_fountains, serial_glass, glass_columns_c,
          glass_columns_c, due_unseen_surprise, minmay_strange_pillars,
          st_stairs_9
D:2:      minmay_pentomino_q4
D:3:      overflow_temple_1_default, lemuel_coloured_pillars_altar,
          lemuel_doored_altar
D:4:      minmay_temple_entry_from_below_a, first_bread, uniq_grinder

Skill      XL: |  1  2  3  4  5  6  7 |
---------------+----------------------+-----
Short Blades   | 2 3 4 |  4.0
Fighting       | 3 4 |  4.4
Shields        | 3 4 |  4.5
Armour         | 3 4 |  4.2

Action                   |  1- 3 |  4- 6 |  7- 9 || total
-------------------------+-------+-------+-------++-------
Melee: Rapier            |   132 |   202 |    24 ||   358
       Bite              |    36 |    65 |     6 ||   107
  Use: Scroll            |       |     4 |       ||     4
  Eat: Chunk             |     1 |     6 |     1 ||     8
       Fruit             |       |     1 |       ||     1
Armor: Scale mail        |    63 |    69 |     4 ||   136
Dodge: Dodged            |    46 |    60 |     4 ||   110
Block: Shield            |    75 |    97 |     8 ||   180
